 Dungeon Crawl Stone Soup version 0.32-a0-683-ge26c5dbc97 (webtiles) character file.

Game seed: 3874369612276122865

96 GeoRichter the Shooter (level 4, -1/32 HPs)
             Began as a Coglin Hexslinger on Mar 12, 2024.
             Slain by Terence
             ... wielding a +5 hand axe of freezing
              (2 damage)
             ... on level 3 of the Dungeon.
             The game lasted 00:02:53 (1341 turns).

GeoRichter the Shooter (Coglin Hexslinger)          Turns: 1341, Time: 00:02:54

Health: -1/32      AC:  5    Str:  8    XL:     4   Next: 67%
Magic:  5/5        EV: 12    Int: 12    God:
Gold:   148        SH:  0    Dex: 19    Spells: 5/5 levels left

rFire   . . .        a - +1 sling {Bangon}
rCold   . . .        d - -2 sling {Pancho}
rNeg    . . .        e - +2 leather armour "Xuot" {-Cast Will+ Regen+}
rPois   .            (no helmet)
rElec   .            (no cloak)
rCorr   .            (no gloves)
SInv    .            (no boots)
Will    +....        (amulet unavailable)
Stlth   +            (ring unavailable)
HPRegen 1.05/turn    (ring unavailable)
MPRegen 0.09/turn    (no gizmo)

%: no spellcasting
@: revved
A: off-hand wielding, slow wielding, warmup strikes, no jewellery
a: Invent Gizmo


You were on level 3 of the Dungeon.
You visited 1 branch of the dungeon, and saw 3 of its levels.

You collected 148 gold pieces.

Inventory:

Hand Weapons
 a - a +1 sling (weapon) {Bangon}
 d - a -2 sling (offhand) {Pancho}
Armour
 e - the +2 leather armour "Xuot" (worn) {-Cast Will+ Regen+}
   (You found it on level 2 of the Dungeon)

   Will+:     It increases your willpower.
   -Cast:     It prevents spellcasting.
   Regen+:    It increases your rate of health regeneration.
 g - a +3 leather armour
   (You found it on level 1 of the Dungeon)
Scrolls
 b - 2 scrolls of poison {!r}
 c - a scroll of enchant weapon {unknown}
 h - a scroll of fog
 i - a scroll of revelation
 k - a scroll of noise {unknown}
 l - a scroll of identify {@r1}
Potions
 f - 2 potions of curing {@q1}
 j - a potion of magic {unknown}


   Skills:
 - Level 1.0 Fighting
 * Level 4.3 Ranged Weapons
 - Level 1.7 Dodging
 - Level 1.0 Spellcasting
 - Level 2.6 Hexes
 - Level 0.8 Fire Magic


You had 5 spell levels left.
You didn't know any spells.
Your spell library contained the following spells:

 Spells                   Type           Power      Damage    Failure   Level
 Jinxbite                 Hex            14%        N/A       22%         2
 Apportation              Tloc           0%         N/A       41%         1
 Sigil of Binding         Hex            7%         N/A       41%         3
 Blink                    Tloc           0%         N/A       54%         2
 Lesser Beckoning         Tloc           0%         N/A       54%         2
 Momentum Strike          Conj/Tloc      0%         3d8       54%         2
 Inner Flame              Hex/Fire       4%         N/A       54%         3
 Cause Fear               Hex            3%         N/A       82%         4
 Dimensional Bullseye     Hex/Tloc       1%         N/A       94%         4
 Alistair's Intoxication  Alch           0%         N/A       100%        5


Dungeon Overview and Level Annotations

Branches:
Dungeon (3/15) Zot: 16626

Altars:

Shops:
D:2 *[[([

Annotations:
D:3 Terence


Innate Abilities, Weirdness & Mutations

You can wield a second weapon in your off-hand.
It takes a long time for you to wield or remove held weapons.
Your first few attacks do less damage.
You cannot equip rings or amulets.


Message History

Terence completely misses you.
Fire: a) +1 sling {Bangon}
Press: ? - help, Q - select action Shift-Dir - straight line, f/p - Terence
Aim: Terence, wielding a +5 hand axe of freezing and wearing a +0 chain mail (heavily wounded, 69% to hit)
You shoot a sling bullet.
The sling bullet hits Terence but does no damage.
Terence is heavily wounded.
You shoot a sling bullet. The sling bullet hits Terence.
Terence is severely wounded.
Terence hits you with a +5 hand axe of freezing.
Terence freezes you. Terence misses you.
Fire: a) +1 sling {Bangon}
Press: ? - help, Q - select action Shift-Dir - straight line, f/p - Terence
Aim: Terence, wielding a +5 hand axe of freezing and wearing a +0 chain mail (severely wounded, 69% to hit)
You shoot a sling bullet.
The sling bullet hits Terence but does no damage.
Terence is severely wounded.
You shoot a sling bullet. The sling bullet hits Terence.
Terence is severely wounded.
Terence hits you with a +5 hand axe of freezing!
* * * LOW HITPOINT WARNING * * *
Terence freezes you.
* * * LOW HITPOINT WARNING * * *
Okay, then.
Okay, then.
Fire: a) +1 sling {Bangon}
Press: ? - help, Q - select action Shift-Dir - straight line, f/p - Terence
Aim: Terence, wielding a +5 hand axe of freezing and wearing a +0 chain mail (severely wounded, 69% to hit)
You shoot a sling bullet.
The sling bullet hits Terence but does no damage.
Terence is severely wounded.
You shoot a sling bullet.
The sling bullet hits Terence but does no damage.
Terence is severely wounded.
Terence misses you.
Fire: a) +1 sling {Bangon}
Press: ? - help, Q - select action Shift-Dir - straight line, f/p - Terence
Aim: Terence, wielding a +5 hand axe of freezing and wearing a +0 chain mail (severely wounded, 69% to hit)
You shoot a sling bullet.
The sling bullet hits Terence but does no damage.
Terence is severely wounded.
You shoot a sling bullet.
The sling bullet completely misses Terence.
Terence hits you with a +5 hand axe of freezing!
* * * LOW HITPOINT WARNING * * *
Terence freezes you.
You die...
Terence says, "Rest in peace."

#..##.#### ##
#......... ..
#.###.###### ##
#..........#######.
#..##.####.........
#..................
##.##.#..#########.
#@##.#..#.........
#@##.####.########
#.##.............
#.#######.#######
#.# #.# #.# #.#
#.#######.##
#..........#
#.########## ###


You could see Terence.

Vanquished Creatures
  A bombardier beetle (D:3)
  2 ufetubi (D:3)
  4 ball pythons
  6 bats
  An endoplasm (D:1)
  2 giant cockroaches (D:1)
  4 hobgoblins
  8 jackals (D:1)
  3 kobolds (D:1)
  A quokka (D:1)
  5 frilled lizards
  5 goblins
  9 rats
51 creatures vanquished.

Notes
Turn   | Place    | Note
-------+----------+-------------------------------------------
     0 | D:1      | GeoRichter the Coglin Hexslinger began the quest for the
                  | Orb.
     0 | D:1      | Reached XP level 1. HP: 15/15 MP: 2/2
    58 | D:1      | Reached skill level 2 in Ranged Weapons
    87 | D:1      | Reached XP level 2. HP: 16/21 MP: 3/3
   180 | D:1      | Reached skill level 3 in Ranged Weapons
   258 | D:1      | Reached XP level 3. HP: 26/26 MP: 4/4
   455 | D:2      | Identified the +2 leather armour "Xuot" {-Cast Will+
                  | Regen+}
   548 | D:2      | Found Poclukh's Antique Armour Shop.
   685 | D:2      | Found Qeeluxet's Armour Emporium.
   728 | D:2      | Found Maucza's Antique Weapon Shoppe.
   750 | D:2      | Found Puegon's Antique Armour Shop.
   777 | D:2      | Found Nineloah's General Store.
  1310 | D:3      | Reached skill level 4 in Ranged Weapons
  1310 | D:3      | Reached XP level 4. HP: 32/32 MP: 5/5
  1319 | D:3      | Noticed Terence
  1341 | D:3      | HP: 1/32 [Terence/+5 hand axe of freezing (7)]
  1341 | D:3      | Slain by Terence

Illustrated notes

Levels and vault maps discovered:
D:1:      dpeg_arrival_three_same_balls, layout_rooms, dk_noncrumbling_4
D:2:      layout_basic, serial_shops, nicolae_shop_stone,
          nicolae_shop_rolling_square, nicolae_lakefront_shop, shop,
          nicolae_shop_back_alley_shop
D:3:      layout_basic, vehumet_crystals, hellmonk_ecumenical_altar_run_dry,
          uniq_terence, uniq_crazy_yiuf_cottage

Skill      XL: |  1  2  3 |
---------------+----------+-----
Ranged Weapons | 2 3 4 |  4.3
Fighting       | |  1.0
Dodging        | |  1.7
Spellcasting   | |  1.0
Hexes          | |  2.6
Fire Magic     | |  0.8

Action                     |  1- 3 |  4- 6 || total
---------------------------+-------+-------++-------
   Fire: Sling             |   192 |    38 ||   230
    Use: Scroll            |     3 |       ||     3
 Armour: Robe              |     5 |       ||     5
         Leather armour    |     5 |    38 ||    43
  Dodge: Dodged            |    15 |    53 ||    68

Table legend: (Time is in decaauts)
 A = Elapsed time spent in this place.
 B = Non-inter-level travel time spent in this place.
 C = Inter-level travel time spent in this place.
 D = Time resting spent in this place.
 E = Time spent auto-exploring this place.
 F = Levels seen in this place.
 G = Mean time per level.
                   A        B        C        D        E       F      G
               +--------+--------+--------+--------+--------+-----+--------+
         Total |   1372 |   1335 |     37 |      0 |   1039 |   3 |  457.3 |
       Dungeon |   1372 |   1335 |     37 |      0 |   1039 |   3 |  457.3 |
               +--------+--------+--------+--------+--------+-----+--------+

Top non-repeatable levels by time:
     D:2: 660 daAuts
     D:1: 427 daAuts
     D:3: 285 daAuts
